Unix NetHack Version 5.0.0-0 post-release - last build May 31 2026 23:59:36 (970b52f25bf058293b47ddfd14a1e40e571c508c,branch:main).

Game began 2026-06-08 20:22:41, ended 2026-06-08 22:43:22.

Brudee, neutral female human Tourist

                          -----            -------
                          |...------     --|$....|
                          |........|     |.+.$...|
                          |........|     |-|..0..|--
                          -------[----   |?-..%..[)|
                           |.........--  |-|.....|)|
                           |..........|  |.-.....|.|
                           |..........|  --|.....|@|
                          -----.--------   ------|[|
                          |............|         |.|
                          |............|         |.|
                          --------[----|         |.|
                           |.00........|         |.|
                           |...........|         |.|
                          -------.------         |.|
                          |.......----------------.|
                          |>....[.^.....[....%.....|
                          --------------------------
Brudee the Excursionist     St:16 Dx:11 Co:18 In:11 Wi:8 Ch:15  Neutral S:11711
Dlvl:2  $:220 HP:0(88) Pw:38(39) AC:-6 Xp:9/2752 T:7190  Satiated Blind

Latest messages:
 You try to feel what is lying here on the doorway.
 There is an open door here.
 There are many objects here.
 Welcome to experience level 9.
 You feel more confident in your skills.
 It pretends to be friendly.
 It pretends to be friendly.
 You try to feel what is lying here on the floor.
 You try to feel what is lying here on the floor.
 You feel here 2 crossbow bolts.
 You are now most skilled in short sword.
 It misses!
 It hits!
 You hit it.
 It misses!
 It misses!
 You hit it.
 It misses!
 It misses!
 You hit it.
 You hit it.
 You destroy it!
 You try to feel what is lying here on the floor.
 Wait!  There's something there you can't see!
 It bites!
 It misses!
 You hit it.
 You hit it.
 It misses!
 It misses!
 You hit it.
 You hit it.
 It bites!
 It touches you!
 You hit it.
 You kill it!
 Wait!  There's something there you can't see!
 You try to feel what is lying here on the floor.
 She charms you.  You gladly start removing your helm.
 It pretends to be friendly.
 You can move again.
 It steals a +0 orcish helm!
 You hit it.
 You attack thin air.
 You try to feel what is lying here on the floor.
 You feel here a cockatrice corpse.
 Touching the cockatrice corpse is a fatal mistake...
 You turn to stone...
 Do you want your possessions identified? [ynq] (y) y
 Do you want to see your attributes? [ynq] (y) q

Inventory:
 Coins    ('$')
  $ - 220 gold pieces
 Weapons  (')')
  e - 6 +0 darts (at the ready)
  B - a +1 dwarvish short sword (weapon in left hand)
 Armor    ('[')
  y - an uncursed burnt +0 pair of water walking boots (being worn)
  H - an uncursed +0 elven shield (being worn)
  c - an uncursed burnt +4 robe (being worn)
  b - a blessed greased rotproof +0 blue dragon scale mail (being worn)
 Comestibles  ('%')
  U - an uncursed slime mold
  j - an uncursed food ration
  w - an uncursed fortune cookie
  E - 3 uncursed tripe rations
  u - an uncursed tin of stir fried red mold
  F - an uncursed egg
  z - an uncursed lizard corpse
 Potions  ('!')
  J - a cursed potion of object detection
 Rings    ('=')
  v - an uncursed ring of levitation
  x - an uncursed ring of regeneration
 Wands    ('/')
  r - a wand of cancellation (0:7)
  C - a wand of cancellation (0:1)
  h - a wand of fire (0:0)
  A - a wand of probing (0:4)
  X - a wand of slow monster (0:4)
 Tools    ('(')
  i - a blessed bag of holding named Poison-Cold-Sleep containing 54 items
  O - an uncursed blindfold
  o - an uncursed credit card
  n - an expensive camera (0:50)
  t - a blessed oil lamp
  p - a +0 unicorn horn
 Gems/Stones  ('*')
  Q - an uncursed obsidian stone
  P - a cursed worthless piece of black glass
  R - a cursed worthless piece of blue glass
  S - a cursed worthless piece of yellow glass

Contents of the bag of holding named Poison-Cold-Sleep:
  520 gold pieces
  a cursed amulet versus poison
  19 cursed +0 darts
  a +0 elven dagger
  an uncursed +0 elven leather helm
  an uncursed +0 Hawaiian shirt with a giant eel motif
  an uncursed slime mold
  an uncursed apple
  an uncursed cram ration
  3 uncursed food rations
  an uncursed fortune cookie
  an uncursed egg
  3 uncursed lichen corpses
  an uncursed lizard corpse
  a blessed scroll of confuse monster
  a cursed scroll of confuse monster
  a blessed scroll of earth
  an uncursed scroll of earth
  2 uncursed scrolls of enchant weapon
  2 cursed scrolls of enchant weapon
  an uncursed scroll of identify
  a cursed scroll of identify
  an uncursed scroll of light
  a cursed scroll of magic mapping
  an uncursed scroll of teleportation
  an uncursed spellbook of chain lightning
  an uncursed spellbook of cure blindness
  a cursed diluted potion of fruit juice
  an uncursed potion of full healing
  2 uncursed potions of healing
  an uncursed potion of monster detection
  a blessed potion of restore ability
  an uncursed potion of restore ability
  an uncursed potion of see invisible
  an uncursed potion of sickness
  a potion of holy water
  a potion of unholy water
  an uncursed ring of invisibility
  a cursed ring of polymorph
  an uncursed ring of regeneration
  an uncursed ring of teleport control
  a cursed wand of lightning (0:7)
  a wand of secret door detection (0:14)
  a cursed wand of sleep (0:6)
  a cursed wand of stasis (0:4)
  a cursed blindfold
  an uncursed lock pick
  a magic marker (0:21)
  a +0 pick-axe
  an uncursed saddle
  an uncursed tin opener
  an uncursed worthless piece of blue glass
  2 uncursed worthless pieces of orange glass
  2 uncursed worthless pieces of red glass

Brudee the Tourist's attributes:

Background:
 You were an Excursionist, a level 9 female human Tourist.
 You were neutral, on a mission for The Lady
 who was opposed by Blind Io (lawful) and Offler (chaotic).
 You were left-handed.
 You were in Sokoban, on level 2.
 You entered the dungeon 7190 turns ago.
 It was nighttime.
 You had 2752 experience points, 2368 more were needed to attain level 10.
 Your score was 11711 before end-of-game adjustments.

Basics:
 You had 0 out of 88 hit points.
 You had 38 out of 39 energy points (spell power).
 Your armor class was -6.
 Your wallet contained 220 zorkmids, and
 you had 520 more stashed away in your pack.
 Autopickup was on for '$!=+?/"' plus thrown.

Final Characteristics:
 Your strength was 16 (limit:18/100).
 Your dexterity was 11 (limit:18).
 Your constitution was 18 (limit:18).
 Your intelligence was 11 (limit:18).
 Your wisdom was 8 (limit:18).
 Your charisma was 15 (limit:18).

Final Status:
 You were temporarily blind.
 You were satiated.
 You were unencumbered.
 You were wielding a short sword.
 You had expert skill with short sword.

Final Attributes:
 You were piously aligned.
 You were cold resistant.
 You were sleep resistant.
 You were shock resistant.
 Your items were protected from electric shocks.
 You were poison resistant.
 You could walk on water.
 You were guarded.
 Your spell casting was enhanced by wearing a robe.
 You were very fast.
 You are dead.

Miscellaneous:
 You encountered 2 bones levels.
 Total elapsed playing time was 1 hour, 42 minutes and 5 seconds.

Major events:
 Turn
    1: Brudee the neutral female human Tourist entered the dungeon
  422: attained the rank of Sightseer (level 3)
  574: entered Sokoban
  914: completed 1st Sokoban level
 1739: completed 2nd Sokoban level
 1840: attained the rank of Excursionist (level 6)
 3232: entered the Gnomish Mines
 3466: reached Mine Town
 5137: made her first wish - "blessed greased fixed +2 blue dragon scale mail", got "a greased blue dragon scale mail"
 6018: completed 3rd Sokoban level
 6843: completed 4th Sokoban level
 7190: petrified by touching a cockatrice corpse bare-handed

Spells:
 Name                 Level Category     Fail Retention
 cure blindness         2   healing       76%  76%-100%

Skills:
 Fighting Skills
   bare handed combat [Unskilled]
   two weapon combat  [Unskilled]
   riding             [Unskilled]
 Weapon Skills
   dagger             [Unskilled]
   knife              [Unskilled]
   axe                [Unskilled]
   pick-axe           [Unskilled]
   short sword        [Expert]
   broadsword         [Unskilled]
   long sword         [Unskilled]
   two-handed sword   [Unskilled]
   saber              [Unskilled]
   mace               [Unskilled]
   morning star       [Unskilled]
   flail              [Unskilled]
   hammer             [Unskilled]
   quarterstaff       [Unskilled]
   polearms           [Unskilled]
   spear              [Unskilled]
   trident            [Unskilled]
   lance              [Unskilled]
   bow                [Unskilled]
   sling              [Unskilled]
   crossbow           [Unskilled]
   dart               [Skilled]
   shuriken           [Unskilled]
   boomerang          [Unskilled]
   whip               [Unskilled]
   unicorn horn       [Unskilled]
 Spellcasting Skills
   divination spells  [Unskilled]
   enchantment spells [Unskilled]
   escape spells      [Unskilled]

Voluntary challenges:
 Character rerolling was not enabled.
 You never genocided any monsters.
 You never polymorphed an object.
 You never changed form.
 You used 1 wish.
 You did not wish for any artifacts.
 You violated the special Sokoban rules once.
Achievements:
 You attained the rank of Sightseer.
 You entered Sokoban.
 You attained the rank of Excursionist.
 You entered a shop.
 You entered the Gnomish Mines.
 You entered Minetown.
 You entered a temple.

 The Dungeons of Doom: levels 1 to 6
    Level 1:
       A fountain.
    Level 2:
       A sink.
    Level 3:
       A general store, a fountain.
       Stairs down to The Gnomish Mines.
    Level 4:
       A fountain.
       Final resting place for
          Drastanta-Bar-Hum-Mal-Neu, killed by a jaguar, while frozen by a floating eye's gaze.
    Level 5:
       Many fountains.
    Level 6:
       A fountain.
       Stairs up to Sokoban, level 5.
 The Gnomish Mines: levels 4 to 6
    Level 4:
    Level 5:
    Level 6:
       Some shops, a temple and an altar, some fountains, a sink, a grave.
       Final resting place for
          eestinsv-Pri-Elf-Fem-Cha, killed by a crocodile.
 Sokoban: levels 5 up to 2
    Level 2: <- You were here.
       Solved.
       Final resting place for
          you, petrified by touching a cockatrice corpse bare-handed.
    Level 3:
       Solved.
    Level 4:
       Solved.
    Level 5:
       Solved.


Vanquished creatures:
  a giant mimic
  a winter wolf
  a xan
  a quantum mechanic
  a freezing sphere
  a flaming sphere
  a large cat
  a tiger
 an energy vortex
  a mountain centaur
  a carnivorous ape
  a leather golem
  a Grey-elf
  a crocodile
  a giant beetle
  a quivering blob
  a cockatrice
  a spotted jelly
  2 leprechauns
  a mumak
  a horse
  a black light
  2 vampire bats
  2 dwarf mummies
  3 brown puddings
  2 lizards
  a dingo
  a housecat
  2 jaguars
  a black unicorn
  a raven
 an ape
  5 human zombies
  4 Woodland-elves
  a bugbear
  2 imps
  a quasit
  a wood nymph
  a mountain nymph
 an orc shaman
  3 rock piercers
  a pony
  a fog cloud
  5 yellow lights
  a violet fungus
  a gnome leader
  a kobold mummy
  a gray ooze
  3 elf zombies
  a baby crocodile
  3 giant ants
  2 floating eyes
  3 dwarves
  a homunculus
  2 kobold leaders
  2 hill orcs
 11 rothes
  a giant bat
 an orc zombie
  a dwarf zombie
  a wererat
  2 iguanas
 an acid blob
  a coyote
  2 hobbits
  3 hobgoblins
  4 giant rats
  5 cave spiders
  2 yellow molds
  a green mold
  9 gnomes
  a gnome zombie
  4 geckos
  2 jackals
  4 foxes
  4 goblins
  a grid bug
  4 lichens
  4 newts
155 creatures vanquished.

No species were genocided or became extinct.

Game over:
                       ----------
                      /          \
                     /    REST    \
                    /      IN      \
                   /     PEACE      \
                  /                  \
                  |      Brudee      |
                  |      740 Au      |
                  |   petrified by   |
                  |    touching a    |
                  |    cockatrice    |
                  |      corpse      |
                  |       2026       |
                 *|     *  *  *      | *
        _________)/\\_//(\/(/\)/\//\/|_)_______

Aloha Brudee the Tourist...

You turned to stone in Sokoban on dungeon level 2 with 11669 points,
and 740 pieces of gold, after 7190 moves.
You were level 9 with a maximum of 88 hit points when you turned to stone.

